AoeStats
← guiTRK

Black Forest

510596705Analyzed
2v2 RM · 1d ago on Oct 1, 2026· 94m 26s· 4 players
Game mode
Random Map
Map size
Medium (4 player)
Population
200
Speed
Normal
Resources
Standard
Victory
Conquest
Starting age
Dark Age
Ending age
Imperial Age
RankedLock teamsTeams togetherTeam positionsShared explorationLock speedFull tech treeHidden civsTurbo modeCheats
Victory
Defeat
🇺🇸 Bohemians · United States
617
+16
🇹🇷 Teutons · Türkiye
586
+18
🇰🇿 Lithuanians · Kazakhstan
677
-19
🇫🇷 Teutons · France
573
-15
ASİL_TÜRK
1:04 Loom
16:53 Feudal Age
17:55 Double-Bit Axe
17:54 Horse Collar
18:33 Stone Mining
19:01 Gold Mining
20:19 Wheelbarrow
24:57 Castle Age
26:42 Bow Saw
26:35 Heavy Plow
28:33 Gambesons
28:39 Arson
28:54 Squires
29:47 Bloodlines
31:26 Scale Barding Armor
36:43 Forging
36:34 Scale Mail Armor
42:17 Iron Casting
45:46 Chain Mail Armor
51:04 Imperial Age
51:50 Hand Cart
52:31 Elite Teutonic Knight
54:43 Stone Shaft Mining
57:17 Chemistry
56:38 Ballistics
56:52 Plate Mail Armor
58:12 Heavy Scorpion
65:26 Cavalier
71:26 Paladin
82:47 Guilds
90:53 Pikeman
LakeGale
1:04 Loom
1:15 Loom
14:38 Feudal Age
15:57 Wheelbarrow
15:14 Double-Bit Axe
15:14 Horse Collar
22:50 Castle Age
24:10 Bow Saw
24:06 Heavy Plow
25:58 Hand Cart
27:42 Town Watch
30:39 Imperial Age
30:21 Chemistry
29:43 Ballistics
30:47 Pikeman
32:05 Scale Mail Armor
32:16 Forging
33:18 Masonry
33:21 Fortified Wall
34:58 Iron Casting
34:28 Squires
34:17 Arson
34:34 Squires
36:29 Houfnice
37:24 Masonry
38:29 Careening
38:17 Murder Holes
40:40 Architecture
41:21 Chain Mail Armor
42:06 Blast Furnace
42:29 Padded Archer Armor
43:02 Conscription
43:08 Wagenburg Tactics
47:21 Halberdier
48:36 Plate Mail Armor
50:06 Siege Engineers
55:37 Hussite Reforms
56:56 Leather Archer Armor
59:43 Fletching
61:10 Bodkin Arrow
66:11 Bracer
80:01 Sanctity
79:52 Fervor
79:54 Redemption
79:44 Atonement
guiTRK
0:29 Loom
10:58 Feudal Age
12:15 Wheelbarrow
11:26 Horse Collar
13:26 Double-Bit Axe
14:51 Gold Mining
17:58 Stone Mining
22:45 Castle Age
23:47 Hand Cart
24:33 Bow Saw
24:25 Heavy Plow
24:39 Fervor
25:13 Stone Shaft Mining
27:47 Ironclad
34:48 Imperial Age
32:21 Town Watch
34:05 Caravan
34:36 Coinage
36:09 Town Patrol
36:51 Crop Rotation
37:28 Two-Man Saw
35:54 Elite Teutonic Knight
36:57 Conscription
37:28 Banking
37:09 Guilds
37:44 Crenellations
38:05 Hoardings
38:34 Scale Barding Armor
38:30 Scale Mail Armor
38:30 Padded Archer Armor
38:20 Fletching
38:41 Forging
38:35 Heated Shot
39:06 Ballistics
39:46 Chemistry
39:01 Fortified Wall
38:37 Sappers
39:41 Crossbowman
47:10 Bombard Tower
46:36 Arrowslits
46:41 Guard Tower
46:57 Siege Engineers
47:03 Masonry
47:17 Chain Barding Armor
47:12 Chain Mail Armor
47:13 Leather Archer Armor
46:53 Bodkin Arrow
47:34 Iron Casting
77:08 Squires
79:21 Elite Skirmisher
81:36 Pikeman
88:52 Halberdier
mega.yarik05
0:33 Loom
14:27 Feudal Age
14:54 Double-Bit Axe
22:15 Castle Age
20:37 Horse Collar
25:42 Bow Saw
26:36 Gold Mining
28:06 Forging
29:17 Scale Barding Armor
36:01 Wheelbarrow
39:16 Imperial Age
38:38 Iron Casting
39:34 Heavy Plow
40:07 Chain Barding Armor
41:03 Chemistry
40:08 Light Cavalry
Connection lost

Rejoining the realm…

Still unreachable

The connection could not be restored.

Session expired

The server has moved on; the page needs a fresh start.